 Dungeon Crawl Stone Soup version 0.22.1-1-ga44c0e56f4 (webtiles) character file.

858 Oyasumi the Chopper (level 7, -2/62 HPs)
             Began as a Minotaur Fighter on Sept 28, 2018.
             Slain by an adder (4 damage)
             ... on level 5 of the Dungeon.
             The game lasted 00:10:56 (3958 turns).

Oyasumi the Chopper (Minotaur Fighter)              Turns: 3958, Time: 00:10:57

Health: -2/62      AC:  8    Str: 22    XL:     7   Next: 71%
Magic:  6/6        EV:  9    Int:  5    God:
Gold:   364        SH: 10    Dex: 10    Spells: 6/6 levels left

rFire    . . .     SeeInvis .   a - +0 war axe
rCold    . . .     Gourm    .   c - +0 shield
rNeg     . . .     Faith    .   o - +0 swamp dragon scales
rPois    +         Spirit   .   (helmet restricted)
rElec    .         Reflect  .   (no cloak)
rCorr    .         Harm     .   (no gloves)
MR       .....                  (no boots)
Stlth    ..........             (no amulet)
HPRegen  0.20/turn              (no ring)
MPRegen  0.10/turn              (no ring)

@: lethally poisoned (-2 -> -6), about to teleport
A: retaliatory headbutt, horns 2
a: no special abilities


You were on level 5 of the Dungeon.
You were very hungry.

You visited 1 branch of the dungeon, and saw 5 of its levels.

You collected 364 gold pieces.

Inventory:

Hand Weapons
 a - a +0 war axe (weapon)
Armour
 c - a +0 shield (worn)
 o - +0 swamp dragon scales (worn)
 r - a +0 troll leather armour {Purgy}
Jewellery
 q - an uncursed ring of wizardry {unknown}
 u - a cursed ring of teleportation {unknown}
Scrolls
 e - 6 scrolls of identify {unknown}
 g - 2 scrolls of teleportation
 i - a scroll of amnesia {unknown}
 k - 2 scrolls of enchant weapon {unknown}
 l - a scroll of immolation {unknown}
 m - a scroll of fear {unknown}
 p - a scroll of magic mapping {unknown}
 s - a scroll of random uselessness {unknown}
 t - a scroll of remove curse {unknown}
Potions
 b - a potion of heal wounds {unknown}
 d - a potion of might
 h - 2 potions of agility {unknown}
 j - a potion of mutation {unknown}
 n - a potion of flight {unknown}
 v - 2 potions of resistance {unknown}
Comestibles
 f - 13 rations


   Skills:
 * Level 5.9 Fighting
 * Level 7.8 Axes
 + Level 4.9 Armour
 + Level 2.1 Dodging
 + Level 5.1 Shields


You had 6 spell levels left.
You didn't know any spells.
Your spell library was empty.

Dungeon Overview and Level Annotations

Branches:
Dungeon (5/15)
 Temple: D:4-7

Altars:
Vehumet
Wu Jian

Annotations:
D:5 Sigmund


Innate Abilities, Weirdness & Mutations

You reflexively headbutt those who attack you in melee.
You have a pair of horns on your head.


Message History

* * * LOW HITPOINT WARNING * * *
You closely miss something. You miss the adder.
You feel sick. The adder closely misses you. You furiously retaliate!
You headbutt the adder, but do no damage.
You block the adder's attack.
You slash something! Your headbutt misses something. You hit the adder.
You hear some strange, mumbled words.
A puff of flame appears from out of thin air!
You block the puff of flame. The adder bites you.
* * * LOW HITPOINT WARNING * * *
You are more poisoned.
The adder poisons you! Something hits you.
* * * LOW HITPOINT WARNING * * *
Something burns you.
* * * LOW HITPOINT WARNING * * *
As you read the scroll labeled MIYGUNIRUNE, it crumbles to dust.
You feel strangely unstable.
It was a scroll of teleportation.
* * * LOW HITPOINT WARNING * * *
You feel sick. The adder bites you but does no damage. The adder bites you.
You die...

######.##.# #.##.#
...... #########.##.#
...... .............#
......
#########.########.....
.#######.# #.......
#.........#####....#####
...............{....$...
##############S@..#..
#....# #....# ######


You could see an adder.

Vanquished Creatures
  Purgy (D:4)
  A sky beast (D:5)
  A big kobold (D:4)
  2 hounds (D:4)
  An orc priest (D:4)
  2 orc wizards (D:4)
  Jessica (D:2)
  A worker ant (D:4)
  Robin (D:4)
  13 gnolls (D:4)
  9 adders
  2 oozes (D:1)
  3 worms
  2 dart slugs (D:1)
  5 leopard geckos
  3 orcs (D:4)
  2 ball pythons (D:2)
  14 bats
  7 giant cockroaches
  34 goblins
  26 hobgoblins
  7 jackals
  9 kobolds
  A quokka (D:2)
  3 frilled lizards
  A quokka skeleton (D:4)
  9 rats
161 creatures vanquished.

Notes
Turn   | Place    | Note
-------+----------+-------------------------------------------
     0 | D:1      | Oyasumi the Minotaur Fighter began the quest for the Orb.
     0 | D:1      | Reached XP level 1. HP: 19/19 MP: 0/0
   149 | D:1      | Reached XP level 2. HP: 17/27 MP: 1/1
   360 | D:1      | Reached XP level 3. HP: 33/33 MP: 2/2
   496 | D:1      | Reached skill level 3 in Axes
   900 | D:2      | Noticed Jessica
   903 | D:2      | Killed Jessica
   903 | D:2      | Reached XP level 4. HP: 38/40 MP: 3/3
   984 | D:2      | Reached skill level 4 in Axes
  1416 | D:2      | Reached XP level 5. HP: 39/47 MP: 4/4
  1695 | D:3      | Found a radiant altar of Vehumet.
  1839 | D:3      | Reached skill level 5 in Axes
  2094 | D:3      | Reached skill level 5 in Fighting
  2262 | D:3      | Found an ornate altar of the Wu Jian Council.
  2335 | D:4      | Reached XP level 6. HP: 14/56 MP: 5/5
  2679 | D:4      | Noticed Purgy
  2694 | D:4      | Killed Purgy
  2694 | D:4      | Reached skill level 6 in Axes
  2694 | D:4      | Reached skill level 1 in Dodging
  2824 | D:4      | Noticed Robin
  2835 | D:4      | Killed Robin
  3088 | D:4      | Reached XP level 7. HP: 39/61 MP: 6/6
  3147 | D:4      | Reached skill level 7 in Axes
  3268 | D:4      | Reached skill level 5 in Shields
  3799 | D:5      | Entered Level 5 of the Dungeon
  3942 | D:5      | Noticed Sigmund
  3957 | D:5      | HP: 3/62 [something (2)]
  3958 | D:5      | Slain by an adder

Skill      XL: |  1  2  3  4  5  6  7 |
---------------+----------------------+-----
Armour         | 4 |  4.9
Shields        | 4 5 |  5.1
Axes           | 3 4 5 6 7 |  7.8
Fighting       | 4 5 |  5.9
Dodging        | 1 2 |  2.1

Action                   |  1- 3 |  4- 6 |  7- 9 || total
-------------------------+-------+-------+-------++-------
Melee: War axe           |    60 |   200 |    90 ||   350
       Headbutt          |    13 |    29 |    17 ||    59
  Use: Scroll            |       |       |     1 ||     1
  Eat: Chunk             |       |     7 |     2 ||     9
Armor: Scale mail        |    40 |    58 |       ||    98
       Swamp dragon scal |       |    48 |    34 ||    82
Dodge: Dodged            |    21 |    57 |    29 ||   107
Block: Shield            |    35 |   130 |    47 ||   212
